 Dungeon Crawl Stone Soup version 0.27.1-34-g3ba077fa99 (webtiles) character file.

Game seed: 13397218987885158873

152 cbfl8 the Sneak (level 5, -19/46 HPs)
             Began as a Minotaur Delver on Jan 20, 2022.
             Demolished by an ogre (25 damage)
             ... on level 7 of the Dungeon.
             The game lasted 00:01:11 (679 turns).

cbfl8 the Sneak (Minotaur Delver)                    Turns: 679, Time: 00:01:12

Health: -19/46     AC:  6    Str: 17    XL:     5   Next: 11%
Magic:  4/4        EV: 10    Int:  8    God:
Gold:   23         SH:  0    Dex: 11    Spells: 4/4 levels left

rFire    . . .     SeeInvis .   a - +0 hand axe
rCold    . . .     Faith    .   (no shield)
rNeg     . . .     Spirit   .   h - +0 scale mail
rPois    .         Reflect  .   (helmet restricted)
rElec    .         Harm     .   (no cloak)
rCorr    .         Rampage  .   (no gloves)
Will     .....                  (no boots)
Stlth    ++........             (no amulet)
HPRegen  0.15/turn              (no ring)
MPRegen  0.09/turn              (no ring)

@: no status effects
A: horns 2, retaliatory headbutt
a: no special abilities


You were on level 7 of the Dungeon.
You visited 1 branch of the dungeon, and saw 3 of its levels.

You collected 23 gold pieces.

Inventory:

Hand Weapons
 a - a +0 hand axe (weapon)
Armour
 b - a +0 leather armour
 h - a +0 scale mail (worn)
Wands
 g - a wand of digging (3)
 i - a wand of polymorph (7)
Scrolls
 c - a scroll of fog
 d - a scroll of magic mapping
 e - a scroll of fear
Potions
 f - a potion of haste


   Skills:
 + Level 4.3 Fighting
 + Level 2.8 Axes
 + Level 1.2 Armour
 + Level 2.5 Dodging
 + Level 5.6 Stealth


You had 4 spell levels left.
You didn't know any spells.
Your spell library was empty.

Dungeon Overview and Level Annotations

Branches:
Dungeon (7/15)
 Temple: D:4-7

Altars:


Innate Abilities, Weirdness & Mutations

You have a pair of horns on your head.
You reflexively headbutt those who attack you in melee.


Message History

The orc wizard casts a spell at you.
You are confused.
You're too confused to move!
You're too confused to move!
You barely miss the orc.
You feel less confused. The orc hits you with a +0 dagger.
The orc hits you but does no damage.
Found a scroll labelled PENYASMEGH.
The orc hits you but does no damage.
The orc wizard gestures wildly while chanting.
The orc wizard flickers and vanishes!
Deactivating autopickup; reactivate with Ctrl-A.
The ogre closely misses you.
There is a stone staircase leading down here.
The orc closely misses you.
You climb downwards.
Reactivating autopickup.
There is a stone staircase leading up here.
You slash the ogre! Your headbutt misses the ogre.
The ogre is moderately wounded.
You hit the orc but do no damage. You hit the orc.
The orc hits you but does no damage.
The ogre hits you with a +0 giant club!!
The orc hits you with a +0 dagger. The orc hits you but does no damage.
You hit the ogre.
The ogre is moderately wounded.
You hit the orc. You completely miss the orc. The orc closely misses you.
The ogre hits you with a +0 giant club!
* * * LOW HITPOINT WARNING * * *
The orc hits you with a +0 dagger.
* * * LOW HITPOINT WARNING * * *
You hit the ogre. You headbutt the ogre!
The ogre is severely wounded.
You hit the orc. x2
You kill the orc!
The orc closely misses you.
The ogre hits you with a +0 giant club!!
Ouch! That really hurt!
You die...

#####
#######...#
.......O..#
#.@..#
......)o.##
######...#
#...# #...#
#..## #..#
#..#


You could see an ogre and an orc.

Vanquished Creatures
  A bullfrog (D:6)
  A water moccasin skeleton (D:6)
  A hound (D:6)
  An adder (D:6)
  An orc (D:7)
5 creatures vanquished.

Notes
Turn   | Place    | Note
-------+----------+-------------------------------------------
     0 | D:5      | cbfl8 the Minotaur Delver began the quest for the Orb.
     0 | D:5      | Reached XP level 1. HP: 19/19 MP: 0/0
    81 | D:6      | Reached XP level 2. HP: 16/27 MP: 1/1
   154 | D:6      | Reached XP level 3. HP: 20/33 MP: 2/2
   281 | D:6      | Noticed a bullfrog
   293 | D:6      | Killed a bullfrog
   294 | D:6      | Reached skill level 5 in Stealth
   294 | D:6      | Reached XP level 4. HP: 21/40 MP: 3/3
   473 | D:6      | Reached skill level 1 in Armour
   473 | D:6      | Reached XP level 5. HP: 28/46 MP: 4/4
   657 | D:6      | Noticed an ogre
   679 | D:7      | Demolished by an ogre

Illustrated notes

Levels and vault maps discovered:
D:5:      layout_cave_pods, minmay_temple_entry_proselytizer
D:6:      layout_rooms
D:7:      layout_loops_ring, nicolae_ru_awakened_eye,
          mainiacjoe_overflow_small_starburst, bh_walls_and_bars

Skill      XL: |  1  2  3  4 |
---------------+-------------+-----
Fighting       | 4 |  4.3
Stealth        | 5 |  5.6
Armour         | 1 |  1.2
Axes           | |  2.8
Dodging        | |  2.5

Action                   |  1- 3 |  4- 6 || total
-------------------------+-------+-------++-------
Melee: Hand axe          |    13 |    13 ||    26
       Headbutt          |     2 |     4 ||     6
Armor: Scale mail        |     6 |     6 ||    12
Dodge: Dodged            |    11 |     9 ||    20
